cohdb
Replays
Latest Replays
All Replays
Popular Replays
Top Player Replays
Match Explorer
How It Works
Community
CoH3 Stats
Reddit
Sign in to upload your games and track your stats! →
Sign in with Steam
Match 40326477
Unlisted
Match 40326477
Overview
Messages
Build Orders
End
Scout Squad
Scout Squad
Selects Airborne Battlegroup
Scout Squad
Selects Pathfinders
Construct Weapon Support Center
M1919 Machine Gun Team
Infantry Support Center
Construct Medical Station
Selects Paratrooper Squad Paradrop
Paratrooper Squad Paradrop
Paratrooper Squad Paradrop
Advanced Logistics
Munitions Surplus
Paratrooper Squad Paradrop
Selects Anti-tank Gun Team Paradrop
Phan
kamacura
『BlackBear』
Dave
0
0
Comments
sign in to comment!
No comments posted yet!